 Dungeon Crawl Stone Soup version 0.28-a0-895-g6e5f11bd55 (webtiles) character file.

Game seed: 11393365330787847906

8434 Crownlay the Geomancer (level 11, -2/54 HPs)
             Began as a Gargoyle Earth Elementalist on Nov 21, 2021.
             Was a Priest of Vehumet.
             Killed from afar by Erolcha (12 damage)
             ... with a fireball
             ... on level 10 of the Dungeon on Nov 22, 2021.
             The game lasted 00:25:03 (12499 turns).

Crownlay the Geomancer (GrEE)                      Turns: 12499, Time: 00:25:04

Health: -2/54      AC: 20    Str: 12    XL:     11   Next: 30%
Magic:  8/27       EV: 11    Int: 19    God:    Vehumet [***...]
Gold:   506        SH:  0    Dex: 10    Spells: 28/34 levels left

rFire   . . .      SeeInvis .   E - +2 long sword (flame)
rCold   . . .      Faith    .   (no shield)
rNeg    + . .      Spirit   .   F - +0 steam dragon scales
rPois   ∞          Reflect  .   y - +2 helmet
rElec   +          Harm     .   q - +2 cloak
rCorr   .          Rampage  .   m - +0 pair of gloves
Will    .....                   (no boots)
Stlth   ++........              z - amulet of the acrobat
HPRegen 0.18/turn               (no ring)
MPRegen 0.20/turn               (no ring)

@: no status effects
A: sickness immunity, AC +8, negative energy resistance 1, electricity
resistance, torment resistance 1, petrification resistance
a: Renounce Religion


You were on level 10 of the Dungeon.
You worshipped Vehumet.
Vehumet was most pleased with you.
You visited 2 branches of the dungeon, and saw 11 of its levels.
You also visited: Ossuary.

You collected 520 gold pieces.
You spent 14 gold pieces at shops.

Inventory:

Hand Weapons
 E - a +2 long sword of flaming (weapon)
Missiles
 u - 69 stones
Armour
 m - a +0 pair of gloves (worn)
 q - a +2 cloak (worn)
 y - a +2 helmet (worn)
 F - +0 steam dragon scales (worn)
Jewellery
 z - an amulet of the acrobat (around neck)
 C - a ring of fire
 K - a ring of resist corrosion
 M - an amulet of reflection
Wands
 t - a wand of iceblast (8)
 D - a wand of mindburst (27)
 I - a wand of flame (31)
Scrolls
 a - a scroll of amnesia {unknown}
 c - a scroll of enchant weapon {unknown}
 h - a scroll of holy word {unknown}
 j - a scroll of identify
 r - 2 scrolls of immolation {unknown}
 s - 2 scrolls of magic mapping
 v - 2 scrolls of vulnerability
 w - a scroll of fear
 A - a scroll of silence {unknown}
 B - a scroll of brand weapon {unknown}
 H - a scroll of teleportation {unknown}
 N - a scroll of acquirement {unknown}
Potions
 b - a potion of cancellation {unknown}
 d - 5 potions of haste
 e - 2 potions of degeneration
 g - a potion of might {unknown}
 i - 2 potions of brilliance {unknown}
 k - 6 potions of curing
 l - a potion of flight {unknown}
 n - 3 potions of invisibility {unknown}
 o - 4 potions of mutation {unknown}
 p - a potion of attraction {unknown}
 x - 2 potions of heal wounds {unknown}
 G - a potion of lignification {unknown}
 J - a potion of berserk rage {unknown}
 L - 2 potions of resistance {unknown}


   Skills:
 - Level 1.5 Dodging
 - Level 2.1 Stealth
 - Level 12.0 Spellcasting
 + Level 4.2 Conjurations
 - Level 0.7 Transmutations
 * Level 13.3 Earth Magic


You had 28 spell levels left.
You knew the following spells:

 Your Spells              Type           Power      Damage    Failure   Level
a - Sandblast             Erth           100%       2d20      1%          1
b - Stone Arrow           Conj/Erth      88%        3d12      1%          3
c - Passwall              Tmut/Erth      31%        N/A       1%          2

Your spell library contained the following spells:

 Spells                   Type           Power      Damage    Failure   Level
 Static Discharge         Conj/Air       19%        N/A       1%          2
 Petrify                  Tmut/Erth      38%        N/A       3%          4
 Animate Armour           Summ/Erth      72%        N/A       4%          4
 Animate Skeleton         Necr           22%        N/A       6%          1
 Apportation              Tloc           22%        N/A       6%          1
 Pain                     Necr           44%        1d6       6%          1
 Summon Small Mammal      Summ           44%        N/A       6%          1
 Vampiric Draining        Necr           11%        2d6       19%         3
 Summon Lightning Spire   Summ/Air       11%        N/A       52%         4
 Alistair's Intoxication  Tmut/Pois      8%         N/A       82%         5
 Lehudib's Crystal Spear  Conj/Erth      22%        10d6      92%         8
 Storm Form               Tmut/Air       6%         N/A       100%        7
 Maxwell's Capacitive Co  Air            5%         ∞         100%        8


Dungeon Overview and Level Annotations

Branches:
Dungeon (10/15)            Temple (1/1) D:5         Ossuary (visited)
   Lair: D:8-11         Orc: D:9-12

Altars:
Ashenzari
Cheibriados
Dithmenos
Elyvilon
Fedhas
Gozag
Hepliaklqana
Kikubaaqudgha
Makhleb
Nemelex Xobeh
Okawaru
Qazlal
Ru
Trog
Uskayaw
Vehumet
Wu Jian
Xom
Yredelemnul
Zin
The Shining One

Shops:
D:2 !

Annotations:
D:10 Erolcha


Innate Abilities, Weirdness & Mutations

You are immune to sickness and miasma.
Your stone body is resilient. (AC +8)
You are immune to poison.
You resist negative energy. (rN+)
You are resistant to electric shocks. (rElec)
You are resistant to unholy torment.
You are immune to petrification.


Message History

Vehumet accepts your kill.
You feel your power returning.
Your centaur hits something.
Your centaur barely misses something.
Something hits your troll!!
Your troll dies!
Your troll's corpse dissolves into shadows!
The hound completely misses you.
Your centaur closely misses something.
Your centaur kicks something but does no damage.
Casting: Sandblast (safe; 1% risk of failure)
Confirm with . or Enter, or press ? or * to list all spells.
Aiming: Sandblast (safe; 1% risk of failure)
Press: ? - help, Shift-Dir - straight line, f - troll
Aim: a troll (84% to hit)
The blast of sand hits the troll!
The troll is moderately wounded.
The hound bites you but does no damage. Something closely misses your centaur.
Your centaur hits something but does no damage.
Your centaur completely misses something.
The troll bites you.
* * * LOW HITPOINT WARNING * * *
The troll claws you but does no damage. x2
Your orc warrior barely misses something.
The hound barely misses you.
Casting: Sandblast (safe; 1% risk of failure)
Confirm with . or Enter, or press ? or * to list all spells.
Aiming: Sandblast (safe; 1% risk of failure)
Press: ? - help, Shift-Dir - straight line, f/p - troll
Aim: a troll (moderately wounded, ally target, 84% to hit)
The blast of sand hits the troll!!
The troll is almost dead.
Erolcha appears from thin air!
Reactivating autopickup.
Your orc wizard dissolves into shadows!
Your centaur hits Erolcha.
Your centaur barely misses Erolcha.
Erolcha screams at your centaur, "Lunch!"
Erolcha casts a spell at your centaur.
The fireball explodes!
The fireball engulfs your centaur!!
Your centaur dies!
Your centaur's corpse dissolves into shadows!
The fireball engulfs your yak!! The fireball engulfs you!
You die...

#.............
... #.o..........
...#
##............
...#
#.o##.).......
#).#
#..###.)......
#..####.##
##.).....
#.Y##).# ##......
#o..))#
###.).####
#@O.#.# #....)#
#hT###.....##))##
..).## ##.###
##.)# ##..# #.#
##.### #.# .#
#.... ... ..
#...# ### .
##..## ##..##
....#


You could see Erolcha (unaware, ally target), a troll (ally target), a hound, a
friendly yak (summoned) and a friendly orc warrior (summoned).

Vanquished Creatures
  A two-headed ogre (D:9)
  4 elephants (D:9)
  Maggie (D:6)
  3 kobold demonologists (D:8)
  A troll (D:9)
  4 wyverns
  A basilisk (D:9)
  A steam dragon (D:7)
  Menkaure (D:5)
  A water moccasin (D:4)
  An orc warrior (D:7)
  A black bear (D:5)
  A sky beast (D:5)
  A necrophage (D:5)
  3 wolves (D:10)
  4 centaurs
  An ogre (D:5)
  2 kobold brigands
  Blork the orc (D:6)
  A wyvern zombie (D:9)
  A bullfrog (D:8)
  2 gnoll sergeants
  A water moccasin skeleton (D:5)
  3 wights (D:8)
  6 killer bees (D:9)
  5 howler monkeys
  10 centaur zombies
  5 orc priests
  Crazy Yiuf (D:2)
  2 jellies
  A centaur skeleton (D:4)
  2 bullfrog skeletons
  3 hounds
  Jessica (D:2)
  3 iguanas
  8 orc wizards
  4 mummies (Ossuary)
  A howler monkey zombie (D:7)
  10 gnolls
  7 adders
  A shadow imp (D:7)
  A white imp (D:5)
  3 worms
  5 dart slugs
  35 orcs
  3 ball pythons
  8 endoplasms
  14 giant cockroaches
  3 goblins
  5 hobgoblins
  14 jackals
  7 kobolds
  5 quokkas
  10 bats
  14 frilled lizards (D:2)
  2 quokka zombies (D:7)
  4 rats
244 creatures vanquished.

Vanquished Creatures (collateral kills)
  A shadow (D:10)
  2 orc warriors (D:10)
  2 hounds (D:10)
  3 orcs (D:10)
8 creatures vanquished.

Vanquished Creatures (others)
  4 fungi (D:2)
  46 plants
50 creatures vanquished.

Grand Total: 302 creatures vanquished

Notes
Turn   | Place    | Note
-------+----------+-------------------------------------------
     0 | D:1      | Crownlay the Gargoyle Earth Elementalist began the quest
                  | for the Orb.
     0 | D:1      | Reached XP level 1. HP: 10/10 MP: 3/3
   123 | D:1      | Reached XP level 2. HP: 15/15 MP: 3/5
   323 | D:1      | Reached skill level 4 in Earth Magic
   323 | D:1      | Reached XP level 3. HP: 6/19 MP: 0/7
   327 | D:1      | Learned a level 3 spell: Stone Arrow
   876 | D:1      | Found a hazy altar of Hepliaklqana.
  1283 | D:2      | Found a faded altar of an unknown god.
  1310 | D:2      | Found Utioph's Distillery.
  1319 | D:2      | Reached XP level 4. HP: 14/24 MP: 9/9
  1452 | D:2      | Bought a potion of degeneration for 14 gold pieces
  2319 | D:2      | Noticed Jessica
  2321 | D:2      | Killed Jessica
  2322 | D:2      | Reached XP level 5. HP: 24/28 MP: 7/11
  2500 | D:2      | Found a runed translucent door.
  2501 | D:2      | Noticed Crazy Yiuf
  2519 | D:2      | Killed Crazy Yiuf
  2520 | D:2      | Reached skill level 5 in Earth Magic
  3953 | D:4      | Noticed a water moccasin
  3972 | D:4      | Killed a water moccasin
  3973 | D:4      | Reached skill level 5 in Spellcasting
  3973 | D:4      | Reached XP level 6. HP: 25/32 MP: 9/13
  4605 | D:4      | Learned a level 2 spell: Passwall
  5599 | D:5      | Entered Level 5 of the Dungeon
  5603 | D:5      | Found a staircase to the Ecumenical Temple.
  5615 | Temple   | Entered the Ecumenical Temple
  5888 | Temple   | Became a worshipper of Vehumet
  6009 | D:5      | Reached skill level 6 in Earth Magic
  6014 | D:5      | Reached XP level 7. HP: 19/36 MP: 8/15
  6215 | D:5      | Upgraded the game from 0.28-a0-883-gc8d7bad45d to
                  | 0.28-a0-895-g6e5f11bd55
  6776 | D:5      | Noticed Menkaure
  6777 | D:5      | Reached skill level 7 in Earth Magic
  6777 | D:5      | Reached XP level 8. HP: 41/41 MP: 15/18
  6779 | D:5      | Killed Menkaure
  6782 | D:5      | Reached * piety under Vehumet
  6782 | D:5      | Offered knowledge of Freeze by Vehumet.
  7428 | D:6      | Noticed Maggie
  7437 | D:6      | Killed Maggie
  7438 | D:6      | Reached skill level 8 in Earth Magic
  7550 | D:6      | Noticed Blork the orc
  7554 | D:6      | Killed Blork the orc
  7651 | D:6      | Reached XP level 9. HP: 42/45 MP: 12/21
  8014 | D:7      | Found a sand-covered staircase.
  8028 | Ossuary  | Entered an ossuary
  8116 | Ossuary  | Offered knowledge of Foxfire by Vehumet.
  8117 | Ossuary  | Reached skill level 9 in Earth Magic
  8243 | D:7      | Reached ** piety under Vehumet
  8912 | D:7      | Found a stormy altar of Qazlal.
  8912 | D:7      | Found a shimmering altar of Xom.
  9352 | D:8      | Noticed a kobold demonologist
  9353 | D:8      | Noticed a kobold demonologist
  9356 | D:8      | Noticed a kobold demonologist
  9363 | D:8      | Killed a kobold demonologist
  9364 | D:8      | Reached skill level 10 in Spellcasting
  9365 | D:8      | Killed a kobold demonologist
  9366 | D:8      | Reached skill level 10 in Earth Magic
  9369 | D:8      | Noticed a smoke demon
  9369 | D:8      | Killed a kobold demonologist
  9370 | D:8      | Reached XP level 10. HP: 44/50 MP: 13/24
 10471 | D:9      | Noticed an elephant
 10481 | D:9      | Killed an elephant
 10663 | D:9      | Reached skill level 11 in Earth Magic
 10845 | D:9      | Noticed an elephant
 10859 | D:9      | Killed an elephant
 10995 | D:9      | Noticed an elephant
 11004 | D:9      | Killed an elephant
 11118 | D:9      | Reached skill level 1 in Conjurations
 11121 | D:9      | Noticed an elephant
 11132 | D:9      | Killed an elephant
 11133 | D:9      | Reached skill level 12 in Earth Magic
 11225 | D:9      | Reached XP level 11. HP: 34/54 MP: 13/27
 11514 | D:9      | Noticed a two-headed ogre
 11522 | D:9      | Killed a two-headed ogre
 12080 | D:10     | Entered Level 10 of the Dungeon
 12319 | D:10     | Offered knowledge of Static Discharge by Vehumet.
 12458 | D:10     | Reached skill level 13 in Earth Magic
 12470 | D:10     | Noticed Erolcha
 12477 | D:10     | Reached *** piety under Vehumet
 12499 | D:10     | Killed from afar by Erolcha

Illustrated notes

Levels and vault maps discovered:
D:1:      sevenhm_arrival_forest_fort_small_6, layout_loops_ring, st_stairs_7
D:2:      minmay_roachtagon, layout_rooms, serial_shops, shop,
          shapermc_ecumenical_altar_mp_urbaneastern, minmay_lizard_king,
          uniq_jessica, uniq_crazy_yiuf_cottage
D:3:      minmay_skewed_foursquare, layout_basic
D:4:      layout_loops_ring
D:5:      layout_basic, minmay_temple_entry_nine_rooms, uniq_menkaure
D:6:      layout_rooms, uniq_blork_the_orc, uniq_maggie
D:7:      layout_basic, gammafunk_temple_overflow_statue, enter_ossuary_4
D:8:      layout_basic
D:9:      wad_woods_tower, layout_long_grid
D:10:     layout_layer_cave, erik_lair_island, uniq_erolcha
Temple:   mainiacjoe_temple_cubbyholes

Skill      XL: |  1  2  3  4  5  6  7  8  9 10 11 |
---------------+----------------------------------+-----
Earth Magic    | 4 5 6 7 8 10 12 13 | 13.3
Spellcasting   | 3 4 5 6 8 10 12 | 12.0
Conjurations   | 2 4 |  4.2
Dodging        | |  1.5
Stealth        | |  2.1
Transmutations | |  0.7

Action                   |  1- 3 |  4- 6 |  7- 9 | 10-12 || total
-------------------------+-------+-------+-------+-------++-------
Melee: Dagger            |    34 |   117 |       |       ||   151
       Club              |       |    96 |    13 |       ||   109
       Long sword        |       |       |     1 |     6 ||     7
 Cast: Sandblast         |    26 |    14 |   139 |    89 ||   268
       Stone Arrow       |     3 |    28 |    13 |    59 ||   103
  Use: Scroll            |       |       |     4 |     5 ||     9
       Potion            |       |       |       |     1 ||     1
 Stab: Sleeping          |     2 |     4 |       |       ||     6
Armor: Robe              |    21 |   105 |    16 |       ||   142
       Steam dragon scal |       |       |    38 |    62 ||   100
Dodge: Dodged            |    19 |   133 |    51 |    67 ||   270

Table legend: (Time is in decaauts)
 A = Elapsed time spent in this place.
 B = Non-inter-level travel time spent in this place.
 C = Inter-level travel time spent in this place.
 D = Time resting spent in this place.
 E = Time spent auto-exploring this place.
 F = Levels seen in this place.
 G = Mean time per level.
                   A        B        C        D        E       F      G
               +--------+--------+--------+--------+--------+-----+--------+
         Total |  12530 |  12210 |    320 |      0 |  10670 |  12 | 1044.2 |
       Dungeon |  12024 |  11753 |    271 |      0 |  10276 |  10 | 1202.4 |
        Temple |    322 |    273 |     49 |      0 |    265 |   1 |  322.0 |
       Ossuary |    183 |    183 |      0 |      0 |    129 |   1 |  183.0 |
               +--------+--------+--------+--------+--------+-----+--------+

Top non-repeatable levels by time:
     D:4: 1674 daAuts
     D:9: 1673 daAuts
     D:2: 1460 daAuts
     D:5: 1321 daAuts
     D:3: 1270 daAuts
     D:1: 1219 daAuts
     D:7: 1176 daAuts
     D:8: 1161 daAuts
     D:6: 648 daAuts
    D:10: 419 daAuts
  Temple: 322 daAuts
 Ossuary: 183 daAuts
